 Dungeon Crawl Stone Soup version 0.23-b1-6-ga921848 (webtiles) character file.

Game seed: 5749272113801506920

1411 poirepourri the Basher (level 8, -3/46 HPs)
             Began as a Gargoyle Fighter on Feb 2, 2019.
             Was an Initiate of Cheibriados.
             Slain by a two-headed ogre
             ... wielding a +0 dire flail
              (24 damage)
             ... on level 6 of the Dungeon.
             The game lasted 00:04:56 (5182 turns).

poirepourri the Basher (Gargoyle Fighter)           Turns: 5182, Time: 00:04:57

Health: -3/46      AC: 14    Str: 22    XL:     8   Next: 70%
Magic:  8/8        EV:  7    Int: 12    God:    Cheibriados [......]
Gold:   300        SH: 12    Dex: 12    Spells: 7/7 levels left

rFire    . . .     SeeInvis .   a - +2 flail (crush)
rCold    . . .     Gourm    .   c - +3 shield
rNeg     + . .     Faith    .   n - +0 scale mail
rPois    ∞         Spirit   .   m - +1 hat {Int+3}
rElec    +         Reflect  .   k - +0 cloak
rCorr    .         Harm     .   (no gloves)
MR       .....                  (no boots)
Stlth    +.........             j - amulet of the acrobat
HPRegen  0.15/turn              h - ring of stealth
MPRegen  0.11/turn              (no ring)

@: very slow
A: negative energy resistance 1, electricity resistance, unbreathing,
petrification resistance, rot immunity, AC +5
a: Bend Time, Renounce Religion


You were on level 6 of the Dungeon.
You worshipped Cheibriados.
Cheibriados was noncommittal.
You were not hungry.

You visited 2 branches of the dungeon, and saw 8 of its levels.

You collected 300 gold pieces.

Inventory:

Hand Weapons
 a - a +2 flail of crushing (weapon)
 b - a +0 hand crossbow
Armour
 c - a +3 shield (worn)
 k - a +0 cloak (worn)
 m - a +1 hat of intelligence (worn)
 n - a +0 scale mail (worn)
Jewellery
 h - a ring of stealth (left hand)
 j - an amulet of the acrobat (around neck)
 v - a +4 ring of intelligence {unknown}
Scrolls
 g - 6 scrolls of teleportation
 p - a scroll of fog
 q - 2 scrolls of identify
Potions
 d - 2 potions of resistance {unknown}
 e - 2 potions of flight {unknown}
 i - 2 potions of cancellation
 l - a potion of haste
 o - a potion of agility
 r - 2 potions of brilliance {unknown}
 s - a potion of might
 t - 3 potions of curing {unknown}
 u - a potion of ambrosia {unknown}
Comestibles
 f - 9 rations


   Skills:
 - Level 3.2 Fighting
 + Level 10.5 Maces & Flails
 - Level 3.2 Armour
 - Level 3.2 Shields


You had 7 spell levels left.
You didn't know any spells.
Your spell library was empty.

Dungeon Overview and Level Annotations

Branches:
Dungeon (7/15)             Temple (1/1) D:6

Altars:
Ashenzari
Cheibriados
Dithmenos
Elyvilon
Fedhas
Gozag
Hepliaklqana
Nemelex Xobeh
Okawaru
Qazlal
Ru
Sif Muna
Trog
Vehumet
Wu Jian
Xom
Yredelemnul
Zin
The Shining One

Shops:
D:5 }


Innate Abilities, Weirdness & Mutations

You are resistant to torment.
Your stone body is resilient. (AC +5)
You are immune to poison.
You resist negative energy. (rN+)
You are resistant to electric shocks. (rElec)
You can survive without breathing.
You are immune to petrification.
You are immune to rotting.


Message History

You block the orc wizard's attack. You block the orc's attack.
You sock the orc wizard!
The orc wizard is almost dead.
You block the orc wizard's attack.
The orc hits you from afar with a +0 trident.
You thump the orc wizard!
You kill the orc wizard!
Cheibriados appreciates the change of pace.
The orc misses you.
You block the two-headed ogre's attack. x2
Things that are here:
a +0 dagger; a +0 robe; an orc corpse You hit the two-headed ogre.
The two-headed ogre is lightly wounded.
The orc hits you from afar with a +0 trident.
You sock the two-headed ogre!
The two-headed ogre is moderately wounded.
The two-headed ogre hits you with a +0 dire flail!
The two-headed ogre hits you with a +0 giant spiked club!!
Ouch! That really hurt!
You die...

#....#.## #.........
##...##.###.########
.#.#####.##.# ..##
##...# .#.## ##.####
.##.###.## .###.#.## .#
##.## ##########. [# #.#
#>)@Oo.....
.####.########.#####.###
#....................#
.####.##.#####.#######
## ###.....##.#
##.....##.# #..._..##.#
######......##.#
............##.#


You could see a two-headed ogre and an orc.

Vanquished Creatures
  Edmund (D:4)
  2 ice beasts
  3 ogres
  2 centaurs
  2 crimson imps
  A quasit (D:6)
  3 orc priests
  A jelly (D:5)
  2 hounds
  3 orc wizards
  2 worker ants
  2 hound skeletons
  Robin (D:1)
  8 gnolls (D:3)
  8 adders
  An adder skeleton (D:5)
  3 dart slugs
  2 leopard geckos
  10 orcs
  2 ball pythons
  7 bats
  3 giant cockroaches
  13 goblins
  11 hobgoblins
  10 jackals
  3 frilled lizards
  A jackal zombie (D:5)
  9 kobolds
  A quokka skeleton (D:6)
  7 rats
124 creatures vanquished.

Notes
Turn   | Place    | Note
-------+----------+-------------------------------------------
     0 | D:1      | poirepourri the Gargoyle Fighter began the quest for the
                  | Orb.
     0 | D:1      | Reached XP level 1. HP: 14/14 MP: 1/1
    98 | D:1      | Reached XP level 2. HP: 5/19 MP: 2/2
   351 | D:1      | Reached skill level 3 in Maces & Flails
   772 | D:2      | Reached XP level 3. HP: 20/23 MP: 3/3
   823 | D:2      | Noticed Robin
   855 | D:1      | Killed Robin
   855 | D:1      | Reached skill level 4 in Maces & Flails
   867 | D:1      | Reached XP level 4. HP: 21/28 MP: 4/4
  1578 | D:3      | Reached skill level 5 in Maces & Flails
  1578 | D:3      | Reached XP level 5. HP: 32/32 MP: 5/5
  1918 | D:3      | Reached skill level 6 in Maces & Flails
  1924 | D:3      | Found a shadowy altar of Dithmenos.
  1966 | D:3      | Found a shattered altar of Ashenzari.
  1966 | D:3      | Found a stormy altar of Qazlal.
  1967 | D:3      | Found a sparkling altar of Nemelex Xobeh.
  2279 | D:4      | Reached XP level 6. HP: 37/37 MP: 6/6
  2500 | D:4      | Noticed Edmund
  2897 | D:4      | Reached skill level 7 in Maces & Flails
  3149 | D:4      | Found a blossoming altar of Fedhas.
  3221 | D:4      | Killed Edmund
  3221 | D:4      | Reached XP level 7. HP: 41/41 MP: 7/7
  3280 | D:4      | Reached skill level 8 in Maces & Flails
  3451 | D:5      | Entered Level 5 of the Dungeon
  3482 | D:5      | Found Ureaf's Gadget Emporium.
  3939 | D:5      | Reached skill level 9 in Maces & Flails
  3939 | D:5      | Reached XP level 8. HP: 32/46 MP: 8/8
  4264 | D:5      | You fall through a shaft for 2 floors!
  4599 | D:6      | Reached skill level 10 in Maces & Flails
  4604 | D:6      | Found a staircase to the Ecumenical Temple.
  4615 | Temple   | Entered the Ecumenical Temple
  4806 | Temple   | Became a worshipper of Cheibriados the Contemplative
  5144 | D:6      | Found a sacrificial altar of Ru.
  5174 | D:6      | Noticed a two-headed ogre
  5182 | D:6      | Slain by a two-headed ogre

Skill      XL: |  1  2  3  4  5  6  7  8 |
---------------+-------------------------+-----
Maces & Flails | 3 4 5 6 7 9 10 | 10.5
Fighting       | |  3.2
Armour         | |  3.2
Shields        | |  3.2

Action                   |  1- 3 |  4- 6 |  7- 9 || total
-------------------------+-------+-------+-------++-------
Melee: Flail             |   162 |   216 |   148 ||   526
  Use: Potion            |     2 |     1 |       ||     3
       Scroll            |     5 |     4 |     2 ||    11
  Eat: Ration            |       |     2 |     2 ||     4
       Chunk             |       |       |     2 ||     2
Armor: Scale mail        |   122 |    95 |    53 ||   270
Dodge: Dodged            |   102 |    56 |    38 ||   196
Block: Shield            |   128 |   123 |    92 ||   343
